PBL
OAKLAND OAKS @ MIAMI BEACH MARLINS
09/13/2048
 
TOP OF THE 1ST
Oakland Oaks batting - Pitching for Miami Beach Marlins : RHP Eric Simons
Pitching: RHP Eric Simons
Batting: LHB Justin LeFlore 0-0: Swinging Strike
0-1: Called Strike
0-2: Strikes out swinging
Batting: SHB Steve McGee 0-0: Fly out, F9 (Flyball, 9LM, EV 87.5 MPH)
Batting: RHB Shi-xian Da 0-0: Ball
1-0: Called Strike
1-1: Ball
2-1: Swinging Strike
2-2: Foul Ball, location: 2F
2-2: Strikes out swinging
Top of the 1st over - 0 runs, 0 hits, 0 errors, 0 left on base; Oakland 0 - Miami Beach 0
BOTTOM OF THE 1ST
Miami Beach Marlins batting - Pitching for Oakland Oaks : RHP Eric Hanrahan
Pitching: RHP Eric Hanrahan
Batting: RHB Jim Smallwood 0-0: Ball
1-0: Ball
2-0: Ball
3-0: Base on Balls
Batting: RHB Corbin Chauvin 0-0: Swinging Strike
0-1: Swinging Strike
0-2: Ball
1-2: Ball
2-2: Ball
3-2: Strikes out swinging
Batting: RHB Torquato Uso 0-0: Called Strike
0-1: Ball
1-1: Called Strike
1-2: Strikes out swinging
Batting: SHB Emmet Brickowski 0-0: Called Strike
0-1: Foul Ball, location: 2F
0-2: Foul Ball, location: 2F
0-2: Ground out 4-3 (Groundball, 34S, EV 65.6 MPH)
Bottom of the 1st over - 0 runs, 0 hits, 0 errors, 1 left on base; Oakland 0 - Miami Beach 0
TOP OF THE 2ND
Oakland Oaks batting - Pitching for Miami Beach Marlins : RHP Eric Simons
Batting: SHB Chris King 0-0: Ball
1-0: Foul Ball, location: 2F
1-1: Foul Ball, location: 2F
1-2: Fly out, F8 (Flyball, 8LD, EV 106.2 MPH)
Batting: LHB Ben Landry 0-0: Called Strike
0-1: Swinging Strike
0-2: Ball
1-2: Ball
2-2: Strikes out swinging
Batting: LHB Bryan Hodensack 0-0: Ball
1-0: Called Strike
1-1: Foul Ball, location: 2F
1-2: Strikes out swinging
Top of the 2nd over - 0 runs, 0 hits, 0 errors, 0 left on base; Oakland 0 - Miami Beach 0
BOTTOM OF THE 2ND
Miami Beach Marlins batting - Pitching for Oakland Oaks : RHP Eric Hanrahan
Batting: RHB Scott Talbot 0-0: Ball
1-0: Ball
2-0: Ball
3-0: Called Strike
3-1: Swinging Strike
3-2: Base on Balls
Batting: RHB Josh Jones 0-0: Fly out, F7 (Flyball, 7, EV 95.0 MPH)
Batting: RHB Troy Bush 0-0: Called Strike
0-1: Swinging Strike
0-2: Ball
1-2: Foul Ball, location: 2F
1-2: Foul Ball, location: 2F
1-2: Grounds into double play, 5-4-3 (Groundball, 5, EV 90.6 MPH)
Bottom of the 2nd over - 0 runs, 0 hits, 0 errors, 0 left on base; Oakland 0 - Miami Beach 0
TOP OF THE 3RD
Oakland Oaks batting - Pitching for Miami Beach Marlins : RHP Eric Simons
Batting: RHB Mario Medina 0-0: Ball
1-0: Foul Ball, location: 2F
1-1: SINGLE (Flyball, 7LS, EV 91.9 MPH) - OUT at second base trying to stretch hit.
Batting: RHB Matt Nehman 0-0: Ball
1-0: Ball
2-0: Foul Ball, location: 2F
2-1: Ball
3-1: Foul Ball, location: 2F
3-2: Strikes out swinging
Batting: RHB Ricky Ulloa 0-0: Ball
1-0: Ball
2-0: Called Strike
2-1: Reached on error, E2 (Groundball, 2R, EV 75.6 MPH)
Batting: LHB Justin LeFlore 0-0: Foul Ball, location: 2F
0-1: Ball
1-1: Swinging Strike
1-2: Strikes out swinging
Top of the 3rd over - 0 runs, 1 hit, 1 error, 1 left on base; Oakland 0 - Miami Beach 0
BOTTOM OF THE 3RD
Miami Beach Marlins batting - Pitching for Oakland Oaks : RHP Eric Hanrahan
Batting: RHB Francisco Valenzuela 0-0: Fly out, F8 (Flyball, 89M, EV 93.8 MPH)
Batting: RHB Hektor Luvian 0-0: Ground out 4-3 (Groundball, 4, EV 88.1 MPH)
Batting: RHB Jim Smallwood 0-0: Called Strike
0-1: Called Strike
0-2: Ball
1-2: Ball
2-2: Foul Ball, location: 2F
2-2: Strikes out swinging
Bottom of the 3rd over - 0 runs, 0 hits, 0 errors, 0 left on base; Oakland 0 - Miami Beach 0
TOP OF THE 4TH
Oakland Oaks batting - Pitching for Miami Beach Marlins : RHP Eric Simons
Batting: SHB Steve McGee 0-0: Swinging Strike
0-1: Ball
1-1: Foul Ball, location: 2F
1-2: Ball
2-2: Foul Ball, location: 2F
2-2: Ball
3-2: Foul Ball, location: 2F
3-2: Foul Ball, location: 2F
3-2: Strikes out swinging
Batting: RHB Shi-xian Da 0-0: Called Strike
0-1: Called Strike
0-2: Ball
1-2: Ball
2-2: Fly out, F8 (Flyball, 8LD, EV 106.9 MPH)
Batting: SHB Chris King 0-0: Foul Ball, location: 2F
0-1: Ball
1-1: Ball
2-1: Ball
3-1: Ground out 4-3 (Groundball, 34, EV 106.2 MPH)
Top of the 4th over - 0 runs, 0 hits, 0 errors, 0 left on base; Oakland 0 - Miami Beach 0
BOTTOM OF THE 4TH
Miami Beach Marlins batting - Pitching for Oakland Oaks : RHP Eric Hanrahan
Batting: RHB Corbin Chauvin 0-0: Foul Ball, location: 2F
0-1: SINGLE (Line Drive, 9S, EV 96.2 MPH)
Batting: RHB Torquato Uso 0-0: Foul Ball, location: 2F
0-1: Ball
1-1: Ball
2-1: Foul Ball, location: 2F
2-2: Grounds into double play, 5-4-3 (Groundball, 56, EV 86.9 MPH)
Batting: SHB Emmet Brickowski 0-0: Called Strike
0-1: Foul Ball, location: 2F
0-2: Foul Ball, location: 2F
0-2: SOLO HOME RUN (Flyball, 89XD, EV 116.2 MPH), Distance : 445 ft
Batting: RHB Scott Talbot 0-0: Ball
1-0: Ball
2-0: Foul Ball, location: 2F
2-1: Ground out 5-3 (Groundball, 56S, EV 84.4 MPH)
Bottom of the 4th over - 1 run, 2 hits, 0 errors, 0 left on base; Oakland 0 - Miami Beach 1
TOP OF THE 5TH
Oakland Oaks batting - Pitching for Miami Beach Marlins : RHP Eric Simons
Batting: LHB Ben Landry 0-0: Called Strike
0-1: Called Strike
0-2: Foul Ball, location: 2F
0-2: Ball
1-2: Strikes out swinging, 2-3 out at first.
Batting: LHB Bryan Hodensack 0-0: Ball
1-0: Called Strike
1-1: Ball
2-1: Swinging Strike
2-2: Strikes out swinging
Batting: RHB Mario Medina 0-0: Called Strike
0-1: Foul Ball, location: 2F
0-2: Strikes out swinging
Top of the 5th over - 0 runs, 0 hits, 0 errors, 0 left on base; Oakland 0 - Miami Beach 1
BOTTOM OF THE 5TH
Miami Beach Marlins batting - Pitching for Oakland Oaks : RHP Eric Hanrahan
Batting: RHB Josh Jones 0-0: Called Strike
0-1: Called Strike
0-2: Ball
1-2: Ball
2-2: Ground out 6-3 (Groundball, 6, EV 84.4 MPH)
Batting: RHB Troy Bush 0-0: Called Strike
0-1: Swinging Strike
0-2: Ball
1-2: Strikes out looking
Batting: RHB Francisco Valenzuela 0-0: Fly out, F8 (Flyball, 8RM, EV 97.5 MPH)
Bottom of the 5th over - 0 runs, 0 hits, 0 errors, 0 left on base; Oakland 0 - Miami Beach 1
TOP OF THE 6TH
Oakland Oaks batting - Pitching for Miami Beach Marlins : RHP Eric Simons
Batting: RHB Matt Nehman 0-0: Fly out, F8 (Flyball, 8RD, EV 85.6 MPH)
Batting: RHB Ricky Ulloa 0-0: Called Strike
0-1: Swinging Strike
0-2: Strikes out swinging, 2-3 out at first.
Batting: LHB Justin LeFlore 0-0: Ball
1-0: Swinging Strike
1-1: DOUBLE (Line Drive, 9LM, EV 107.5 MPH)
Pitching: RHP Freddie Robe
Batting: SHB Steve McGee 0-0: Swinging Strike
0-1: Swinging Strike
0-2: Ball
1-2: Strikes out looking
Top of the 6th over - 0 runs, 1 hit, 0 errors, 1 left on base; Oakland 0 - Miami Beach 1
BOTTOM OF THE 6TH
Miami Beach Marlins batting - Pitching for Oakland Oaks : RHP Eric Hanrahan
Batting: RHB Hektor Luvian 0-0: Foul Ball, location: 2F
0-1: Bunt for hit to 23 - play at first, batter OUT! 3-4
Batting: RHB Jim Smallwood 0-0: Ball
1-0: SINGLE (Groundball, 6MD, EV 106.9 MPH)
Batting: RHB Corbin Chauvin 0-0: Ball
1-0: Foul Ball, location: 2F
1-1: Swinging Strike
1-2: Ball
2-2: Ball
3-2: SINGLE (Groundball, 6M, EV 93.1 MPH) (infield hit)
Jim Smallwood to second
Batting: RHB Torquato Uso 0-0: Ball
1-0: Called Strike
1-1: DOUBLE (Line Drive, 5D, EV 103.1 MPH)
Jim Smallwood scores
Corbin Chauvin to third
Batting: SHB Emmet Brickowski 0-0: Ball
1-0: Called Strike
1-1: Ball
2-1: SINGLE (Line Drive, 8RS, EV 101.2 MPH)
Corbin Chauvin scores
Torquato Uso to third
Batting: RHB Scott Talbot 0-0: Ball
1-0: Swinging Strike
1-1: Foul Ball, location: 2F
1-2: SINGLE (Groundball, 56, EV 94.4 MPH)
Torquato Uso scores
Emmet Brickowski to second
Runner from 2nd tries for 3rd, SAFE, throw by LF made to third
Batting: RHB Josh Jones 0-0: Called Strike
0-1: Fly out, F9 (Flyball, 9, EV 85.0 MPH)
Runner from 3rd tags up, SCORES, throw by RF
Batting: RHB Troy Bush 0-0: Ball
1-0: Called Strike
1-1: Ball
2-1: Ball
3-1: Ground out 1-3 (Groundball, 15, EV 67.5 MPH)
Bottom of the 6th over - 4 runs, 5 hits, 0 errors, 1 left on base; Oakland 0 - Miami Beach 5
TOP OF THE 7TH
Oakland Oaks batting - Pitching for Miami Beach Marlins : RHP Freddie Robe
Batting: RHB Shi-xian Da 0-0: Ball
1-0: Swinging Strike
1-1: Ball
2-1: Swinging Strike
2-2: Ball
3-2: Base on Balls
Batting: SHB Chris King 0-0: Foul Ball, location: 2F
0-1: Ball
1-1: Called Strike
1-2: Strikes out swinging
Batting: LHB Ben Landry 0-0: Fielders Choice at 2nd, 6-4 (Groundball, 6M, EV 98.1 MPH)
Batting: LHB Bryan Hodensack 0-0: Ball
1-0: Called Strike
1-1: Swinging Strike
1-2: Foul Ball, location: 2F
1-2: Foul Ball, location: 2F
1-2: Ball
2-2: Ball
3-2: Base on Balls
Ben Landry to second
Batting: RHB Mario Medina 0-0: Ball
1-0: Swinging Strike
1-1: Fielders Choice at 2nd, 6-4 (Groundball, 6, EV 87.5 MPH)
Top of the 7th over - 0 runs, 0 hits, 0 errors, 2 left on base; Oakland 0 - Miami Beach 5
BOTTOM OF THE 7TH
Miami Beach Marlins batting - Pitching for Oakland Oaks : RHP Eric Hanrahan
Batting: RHB Francisco Valenzuela 0-0: Ball
1-0: Called Strike
1-1: Ball
2-1: Ball
3-1: Foul Ball, location: 2F
3-2: Foul Ball, location: 2F
3-2: Fly out, F8 (Flyball, 8LD, EV 100.0 MPH)
Batting: RHB Hektor Luvian 0-0: TRIPLE (Flyball, 7LD, EV 100.6 MPH)
Batting: RHB Jim Smallwood 0-0: Ball
1-0: Ball
2-0: Called Strike
2-1: SINGLE (Groundball, 6MD, EV 103.1 MPH)
Hektor Luvian scores
Pitching: RHP Herman McPherson
Batting: RHB Corbin Chauvin 0-0: SINGLE (Line Drive, 8LS, EV 111.9 MPH)
Jim Smallwood to second
Batting: RHB Torquato Uso 0-0: Ball
1-0: Ball
2-0: Foul Ball, location: 2F
2-1: Fielders Choice at 2nd, 3-6 (Groundball, 34, EV 90.6 MPH)
Jim Smallwood to third
Batting: SHB Emmet Brickowski 0-0: Called Strike
0-1: Ball
1-1: DOUBLE (Line Drive, 89XD, EV 112.5 MPH)
Jim Smallwood scores
Torquato Uso to third
Runner from 3rd tries for Home, throw by RF and OUT! 9-4-2
Bottom of the 7th over - 2 runs, 4 hits, 0 errors, 1 left on base; Oakland 0 - Miami Beach 7
TOP OF THE 8TH
Oakland Oaks batting - Pitching for Miami Beach Marlins : RHP Freddie Robe
Pinch Hitting: LHB Diego Vega 0-0: Called Strike
0-1: Swinging Strike
0-2: Ball
1-2: Fly out, F7 (Flyball, 78M, EV 90.6 MPH)
Pinch Hitting: RHB Moises Guzman 0-0: Ball
1-0: Fly out, F3 (Popup, 3SF, EV 76.9 MPH)
Batting: LHB Justin LeFlore 0-0: Ball
1-0: Foul Ball, location: 2F
1-1: Ball
2-1: Ball
3-1: Foul Ball, location: 2F
3-2: DOUBLE (Line Drive, 7LS, EV 98.1 MPH)
Pitching: LHP Tom Boyko
Batting: SHB Steve McGee 0-0: Ground out 6-3 (Groundball, 6, EV 95.0 MPH)
Top of the 8th over - 0 runs, 1 hit, 0 errors, 1 left on base; Oakland 0 - Miami Beach 7
BOTTOM OF THE 8TH
Miami Beach Marlins batting - Pitching for Oakland Oaks : RHP Herman McPherson
Now at 1B: Diego Vega
Now at 2B: Edwin Nunez
Pinch Hitting: SHB Brent King 0-0: Ball
1-0: Ball
2-0: Foul Ball, location: 2F
2-1: SOLO HOME RUN (Flyball, 9D, EV 101.9 MPH), Distance : 388 ft
Pinch Hitting: RHB Xin Zhang 0-0: Ball
1-0: Foul Ball, location: 2F
1-1: Hit by Pitch
Batting: RHB Troy Bush 0-0: Ball
1-0: Ball
2-0: Called Strike
2-1: Foul Ball, location: 2F
2-2: Foul Ball, location: 2F
2-2: Foul Ball, location: 2F
2-2: Ball
3-2: Foul Ball, location: 2F
3-2: Fly out, F9 (Line Drive, 9, EV 96.2 MPH)
Batting: RHB Francisco Valenzuela 0-0: Ball
1-0: Foul Ball, location: 2F
1-1: Ball
Wild Pitch!
Xin Zhang to second
2-1: Swinging Strike
2-2: Ground out 1-3 (Groundball, 23, EV 75.0 MPH)
Xin Zhang to third
Batting: RHB Hektor Luvian 0-0: Called Strike
0-1: Foul Ball, location: 2F
0-2: Ball
1-2: Ball
2-2: Strikes out swinging
Bottom of the 8th over - 1 run, 1 hit, 0 errors, 1 left on base; Oakland 0 - Miami Beach 8
TOP OF THE 9TH
Oakland Oaks batting - Pitching for Miami Beach Marlins : LHP Tom Boyko
Now at 2B: Emmet Brickowski
Now at 3B: Xin Zhang
Now in LF: Christian Gentille
Batting: RHB Shi-xian Da 0-0: Swinging Strike
0-1: Foul Ball, location: 2F
0-2: Ground out 2-3 (Groundball, 2L, EV 70.0 MPH)
Batting: SHB Chris King 0-0: Called Strike
0-1: Swinging Strike
0-2: Ball
1-2: Ball
2-2: SOLO HOME RUN (Flyball, 7D, EV 105.6 MPH), Distance : 400 ft
Batting: LHB Ben Landry 0-0: SINGLE (Line Drive, 8RS, EV 91.2 MPH)
Batting: LHB Bryan Hodensack 0-0: Ball
1-0: Ball
2-0: Ball
3-0: Called Strike
3-1: Base on Balls
Ben Landry to second
Batting: RHB Mario Medina 0-0: Called Strike
0-1: Foul Ball, location: 2F
0-2: Foul Ball, location: 2F
0-2: Strikes out looking
Pinch Hitting: RHB Mario Medrano 0-0: Called Strike
0-1: Ball
1-1: Ball
2-1: Foul Ball, location: 2F
2-2: Foul Ball, location: 2F
2-2: Ball
3-2: Base on Balls
Ben Landry to third
Bryan Hodensack to second
Pinch Hitting: RHB Colin Edwards 0-0: Called Strike
0-1: Ball
1-1: Swinging Strike
1-2: Ball
2-2: Strikes out swinging
Top of the 9th over - 1 run, 2 hits, 0 errors, 3 left on base; Oakland 1 - Miami Beach 8
Tuesday, March 28th , 2023 - OOTP Baseball 23.10 Build 110